TOP OF THE 1ST |
Long Beach KO batting - Pitching for Elkins Sting Rays : LHP Ed Miller
|
Pitching: LHP Ed Miller
|
|
Batting: LHB Juan Ortíz
|
0-0: Ball 1-0: Fly out, F8 (Flyball, 8LM)
|
Batting: RHB Harvey Mawhinney
|
0-0: Called Strike 0-1: Called Strike 0-2: Strikes out swinging
|
Batting: LHB José Guillén
|
0-0: Ball 1-0: SINGLE (Groundball, 4) (infield hit)
|
Batting: RHB José González
|
0-0: Ball 1-0: Ball José Guillén is caught stealing 2nd base
|
Top of the 1st over - 0 run(s), 1 hit(s), 0 error(s), 0 left on base; Long Beach 0 - Elkins 0 |
BOTTOM OF THE 1ST |
Elkins Sting Rays batting - Pitching for Long Beach KO : RHP José Rivera
|
Pitching: RHP José Rivera
|
|
Batting: RHB Brandon Townsley
|
0-0: Ball 1-0: Called Strike 1-1: Swinging Strike 1-2: SINGLE (Groundball, 4MD)
|
Batting: RHB Alfonso Sánchez
|
0-0: Ball 1-0: Ball 2-0: Called Strike 2-1: Foul Ball, location: 2F 2-2: Foul Ball, location: 2F 2-2: Ball 3-2: Fly out, F9 (Flyball, 89M)
|
Batting: SHB Ángel González
|
0-0: Called Strike Brandon Townsley steals 2nd base 0-1: Foul Ball, location: 2F 0-2: Ball 1-2: Ball 2-2: Strikes out swinging
|
Batting: SHB Hang-ki Yue
|
0-0: Called Strike 0-1: Ball 1-1: Foul Ball, location: 2F 1-2: Foul Ball, location: 2F 1-2: Ball Wild Pitch! Brandon Townsley to third 2-2: SINGLE (Groundball, 4D) Brandon Townsley scores
|
Batting: RHB John Hall
|
0-0: Called Strike 0-1: Ball 1-1: Ball 2-1: Foul Ball, location: 2F 2-2: Strikes out swinging
|
Bottom of the 1st over - 1 run(s), 2 hit(s), 0 error(s), 1 left on base; Long Beach 0 - Elkins 1 |
TOP OF THE 2ND |
Long Beach KO batting - Pitching for Elkins Sting Rays : LHP Ed Miller
|
Batting: RHB José González
|
0-0: Fly out, F9 (Flyball, 9LMF)
|
Batting: SHB Albert Flores
|
0-0: Ball 1-0: Foul Ball, location: 2F 1-1: Called Strike 1-2: Strikes out swinging, 2-3 out at first.
|
Batting: LHB John Lynch
|
0-0: Called Strike 0-1: Foul Ball, location: 2F 0-2: Ball 1-2: Foul Ball, location: 2F 1-2: Foul Ball, location: 2F 1-2: Strikes out looking
|
Top of the 2nd over - 0 run(s), 0 hit(s), 0 error(s), 0 left on base; Long Beach 0 - Elkins 1 |
BOTTOM OF THE 2ND |
Elkins Sting Rays batting - Pitching for Long Beach KO : RHP José Rivera
|
Batting: RHB Juan Jose López
|
0-0: DOUBLE (Line Drive, 89M)
|
Batting: RHB Tony Pulla
|
0-0: Called Strike 0-1: Ball 1-1: Ball 2-1: Ground out 6-3 (Groundball, 6)
|
Batting: RHB Juan González
|
0-0: Called Strike Juan Jose López is caught stealing 3rd base 0-1: Ball 1-1: Fly out, F8 (Flyball, 8LM)
|
Bottom of the 2nd over - 0 run(s), 1 hit(s), 0 error(s), 0 left on base; Long Beach 0 - Elkins 1 |
TOP OF THE 3RD |
Long Beach KO batting - Pitching for Elkins Sting Rays : LHP Ed Miller
|
Batting: RHB Cal Cox
|
0-0: Fly out, F9 (Flyball, 9S)
|
Batting: SHB Troy Abreu
|
0-0: Fly out, F9 (Line Drive, 89M)
|
Batting: SHB Steve Shaw
|
0-0: Ball 1-0: Called Strike 1-1: Called Strike 1-2: Ball 2-2: Ball 3-2: Strikes out swinging
|
Top of the 3rd over - 0 run(s), 0 hit(s), 0 error(s), 0 left on base; Long Beach 0 - Elkins 1 |
BOTTOM OF THE 3RD |
Elkins Sting Rays batting - Pitching for Long Beach KO : RHP José Rivera
|
Batting: LHB Freddy Torres
|
0-0: Foul Ball, location: 2F 0-1: Foul Ball, location: 2F 0-2: Ball 1-2: SOLO HOME RUN (Flyball, 9D), Distance : 376 ft
|
Batting: RHB Brandon Townsley
|
0-0: Foul Ball, location: 2F 0-1: Ball 1-1: Ball 2-1: Ball 3-1: Base on Balls
|
Batting: RHB Alfonso Sánchez
|
0-0: Ball 1-0: Ball 2-0: Ball 3-0: Called Strike 3-1: Base on Balls Brandon Townsley to second
|
Batting: SHB Ángel González
|
0-0: Foul Ball, location: 2F 0-1: Fielders Choice at 2nd, 4-6 (Groundball, 34D) Brandon Townsley to third
|
Batting: SHB Hang-ki Yue
|
0-0: Called Strike 0-1: Ball 1-1: Fly out, F7 (Flyball, 7S)
|
Batting: RHB John Hall
|
0-0: Ball 1-0: Called Strike 1-1: Ball 2-1: Ball 3-1: Base on Balls Ángel González to second
|
Batting: RHB Juan Jose López
|
0-0: Ball 1-0: Called Strike 1-1: Swinging Strike 1-2: Strikes out swinging
|
Bottom of the 3rd over - 1 run(s), 1 hit(s), 0 error(s), 3 left on base; Long Beach 0 - Elkins 2 |
TOP OF THE 4TH |
Long Beach KO batting - Pitching for Elkins Sting Rays : LHP Ed Miller
|
Batting: LHB Juan Ortíz
|
0-0: Ball 1-0: Called Strike 1-1: Ground out U3 (Groundball, 3)
|
Batting: RHB Harvey Mawhinney
|
0-0: Ball 1-0: Called Strike 1-1: Ground out 6-3 (Groundball, 6)
|
Batting: LHB José Guillén
|
0-0: Foul Ball, location: 2F 0-1: Foul Ball, location: 2F 0-2: Strikes out looking
|
Top of the 4th over - 0 run(s), 0 hit(s), 0 error(s), 0 left on base; Long Beach 0 - Elkins 2 |
BOTTOM OF THE 4TH |
Elkins Sting Rays batting - Pitching for Long Beach KO : RHP José Rivera
|
Batting: RHB Tony Pulla
|
0-0: Called Strike 0-1: Ball 1-1: Ball 2-1: Ground out 6-3 (Groundball, 6)
|
Batting: RHB Juan González
|
0-0: DOUBLE (Flyball, 78M)
|
Batting: LHB Freddy Torres
|
0-0: Ball 1-0: Swinging Strike 1-1: Ball 2-1: Foul Ball, location: 2F 2-2: Ball 3-2: Foul Ball, location: 2F 3-2: Foul Ball, location: 2F 3-2: Base on Balls
|
Batting: RHB Brandon Townsley
|
0-0: Foul Ball, location: 2F 0-1: Foul Ball, location: 2F 0-2: Ball 1-2: Ball 2-2: Ball 3-2: Foul Ball, location: 2F 3-2: Base on Balls Juan González to third Freddy Torres to second
|
Pitching: RHP Carlos Fernández
|
|
Batting: RHB Alfonso Sánchez
|
0-0: Ball 1-0: Ball 2-0: SINGLE (Groundball, 56D) Juan González scores Freddy Torres to third Brandon Townsley to second Throwing error, E7 Freddy Torres scores Brandon Townsley to third Alfonso Sánchez to second
|
Batting: SHB Ángel González
|
0-0: Ball 1-0: Ground out 4-3 (Groundball, 4) Brandon Townsley scores Alfonso Sánchez to third
|
Batting: SHB Hang-ki Yue
|
0-0: Called Strike 0-1: Fly out, F7 (Flyball, 7LS)
|
Bottom of the 4th over - 3 run(s), 2 hit(s), 1 error(s), 1 left on base; Long Beach 0 - Elkins 5 |
TOP OF THE 5TH |
Long Beach KO batting - Pitching for Elkins Sting Rays : LHP Ed Miller
|
Batting: RHB José González
|
0-0: Called Strike 0-1: Foul Ball, location: 2F 0-2: Strikes out swinging
|
Batting: SHB Albert Flores
|
0-0: Ball 1-0: Called Strike 1-1: SINGLE (Groundball, 56D)
|
Batting: LHB John Lynch
|
0-0: Ball 1-0: Called Strike 1-1: Called Strike Pickoff Throw to First - Out! 1-2: Foul Ball, location: 2F 1-2: Strikes out swinging
|
Top of the 5th over - 0 run(s), 1 hit(s), 0 error(s), 0 left on base; Long Beach 0 - Elkins 5 |
BOTTOM OF THE 5TH |
Elkins Sting Rays batting - Pitching for Long Beach KO : RHP Carlos Fernández
|
Batting: RHB John Hall
|
0-0: Fly out, F9 (Flyball, 9LM)
|
Batting: RHB Juan Jose López
|
0-0: SINGLE (Groundball, 6MD)
|
Batting: RHB Tony Pulla
|
0-0: Swinging Strike 0-1: Ball 1-1: Foul Ball, location: 2F 1-2: Ball 2-2: Ball 3-2: Foul Ball, location: 2F 3-2: Foul Ball, location: 2F 3-2: Strikes out looking
|
Batting: RHB Juan González
|
0-0: Called Strike 0-1: Reached on error, E6 (Groundball, 6) Juan Jose López to second
|
Batting: LHB Freddy Torres
|
0-0: Ball 1-0: Foul Ball, location: 2F 1-1: Ball 2-1: Ball 3-1: Fly out, F7 (Line Drive, 7S)
|
Bottom of the 5th over - 0 run(s), 1 hit(s), 1 error(s), 2 left on base; Long Beach 0 - Elkins 5 |
TOP OF THE 6TH |
Long Beach KO batting - Pitching for Elkins Sting Rays : LHP Ed Miller
|
Batting: RHB Cal Cox
|
0-0: Called Strike 0-1: DOUBLE (Line Drive, 8LD)
|
Batting: SHB Troy Abreu
|
0-0: Ball 1-0: Ball 2-0: Ball 3-0: Base on Balls
|
Batting: SHB Steve Shaw
|
0-0: Ball 1-0: Foul Ball, location: 2F 1-1: Ball 2-1: Foul Ball, location: 2F 2-2: Strikes out swinging
|
Batting: LHB Juan Ortíz
|
0-0: Ball 1-0: Fly out, F4 (Popup, 4MD)
|
Batting: RHB Harvey Mawhinney
|
0-0: Ball 1-0: Swinging Strike 1-1: Swinging Strike 1-2: Strikes out looking
|
Top of the 6th over - 0 run(s), 1 hit(s), 0 error(s), 2 left on base; Long Beach 0 - Elkins 5 |
BOTTOM OF THE 6TH |
Elkins Sting Rays batting - Pitching for Long Beach KO : RHP Carlos Fernández
|
Batting: RHB Brandon Townsley
|
0-0: Fly out, F9 (Flyball, 9LSF)
|
Batting: RHB Alfonso Sánchez
|
0-0: Called Strike
|
|
|
Tuesday, August 8th, 2017 - OOTP Baseball 17.12 Build 75
|
|